 Dungeon Crawl Stone Soup version 0.21-a0-216-g6d3fd91 (webtiles) character file.

32 potatolord6000 the Shooter (level 3, -1/28 HPs)
             Began as a Centaur Arcane Marksman on Aug 23, 2017.
             Slain by an adder (2 damage)
             ... on level 2 of the Dungeon.
             The game lasted 00:06:53 (1546 turns).

potatolord6000 the Shooter (CeAM)                   Turns: 1546, Time: 00:06:53

Health: -1/28      AC:  4    Str: 12    XL:     3   Next: 8%
Magic:  5/5        EV: 10    Int: 12    God:
Gold:   48         SH:  0    Dex: 10    Spells: 3/4 levels left

rFire    . . .     SeeInvis .   q - +2 dagger (holy)
rCold    . . .     Gourm    .   (no shield)
rNeg     . . .     Faith    .   e - +0 robe
rPois    .         Spirit   .   (no helmet)
rElec    .         Reflect  .   (no cloak)
rCorr    .         Harm     .   (no gloves)
MR       .....                  (no barding)
Stlth    ++........             (no amulet)
HPRegen  0.09/turn              h - ring of stealth
MPRegen  0.09/turn              (no ring)

@: lethally poisoned (-1 -> -2), very quick
A: hooves 3, deformed body, speed 2, tough skin 3
a: no special abilities


You were on level 2 of the Dungeon.
You were not hungry.

You visited 1 branch of the dungeon, and saw 2 of its levels.

You collected 48 gold pieces.

Inventory:

Hand Weapons
 a - a +0 shortbow
 q - a +2 dagger of holy wrath (weapon)
Missiles
 d - 33 arrows
Armour
 e - a +0 robe (worn)
Jewellery
 h - a ring of stealth (left hand)
Scrolls
 b - a scroll of teleportation {unknown}
 i - a scroll of remove curse {unknown}
 j - 2 scrolls of magic mapping {unknown}
 k - a scroll of fear {unknown}
 m - a scroll of enchant armour {unknown}
 n - a scroll of blinking {unknown}
 o - a scroll of identify {unknown}
Potions
 g - a potion of cancellation {unknown}
 l - 2 potions of might {unknown}
 p - a potion of degeneration {unknown}
Books
 c - a book of Debilitation

   Spells                             Type                      Level
   a - Corona                         Hexes                        1
   b - Slow                           Hexes                        2
   c - Inner Flame                    Hexes/Fire                   3
   d - Portal Projectile              Hexes/Translocation          3
   e - Cause Fear                     Hexes                        4
   f - Leda's Liquefaction            Hexes/Earth                  4
Comestibles
 f - a bread ration


   Skills:
 + Level 1.4 Fighting
 + Level 0.1 Short Blades
 * Level 3.2 Bows
 + Level 1.7 Dodging
 + Level 1.4 Spellcasting
 + Level 2.8 Hexes


You had 3 spell levels left.
You knew the following spells:

 Your Spells              Type           Power        Failure   Level  Hunger
a - Corona                Hex            #......      9%          1    ##.....


Dungeon Overview and Level Annotations

Branches:
Dungeon (2/15)

Altars:
Okawaru
Trog
The Shining One


Innate Abilities, Weirdness & Mutations

You have hooves in place of feet.
Armour fits poorly on your strangely shaped body.
You cover ground very quickly.
You have extremely tough skin. (AC +3)


Message History

The adder is moderately wounded.
The adder bites you.
* * * LOW HITPOINT WARNING * * *
You are lethally poisoned!
The adder poisons you!
You hit the adder.
The adder is severely wounded.
* * * LOW HITPOINT WARNING * * *
You feel sick. The adder completely misses you.
You closely miss the adder.
The adder is severely wounded.
The adder barely misses you.
You closely miss the adder.
The adder is heavily wounded.
The adder barely misses you. The adder closely misses you.
You hit the adder. Your kick misses the adder.
The adder is severely wounded.
* * * LOW HITPOINT WARNING * * *
You feel sick. The adder bites you.
You die...

.##### .#...#
#....._.. .#...#
#####.......#
.#...#####...........
.'...'...#...........#
##...###.#.........
.## ...### #.#........
..#### ##.#
#.#.......###......
#.# #.#......@S.....(#
##.#
#.#.....#.).).#..#
.#.#
#.#....##.._..##.#
.#.#
#.#.....#.).).#..# .#
#.#...............# .#
#.##+##...###.....# .#
#.# ##...#...##.# .#
#.# #..........# .#
#.# #.....####.


You could see an adder.

Vanquished Creatures
  A worm (D:2)
  A dart slug (D:1)
  2 giant cockroaches
  2 goblins
  6 hobgoblins
  4 jackals (D:1)
  2 bats (D:1)
  2 frilled lizards (D:2)
  2 kobolds
  3 rats
25 creatures vanquished.

Notes
Turn   | Place    | Note
-------+----------+-------------------------------------------
     0 | D:1      | potatolord6000 the Centaur Arcane Marksman began the quest for the Orb.
     0 | D:1      | Reached XP level 1. HP: 16/16 MP: 2/2
   241 | D:1      | Reached skill level 3 in Bows
   245 | D:1      | Reached XP level 2. HP: 23/23 MP: 3/3
   997 | D:2      | HP: 1/23 [hobgoblin (1)]
  1327 | D:2      | Found a glowing golden altar of the Shining One.
  1504 | D:2      | Found an iron altar of Okawaru.
  1516 | D:2      | Reached XP level 3. HP: 13/28 MP: 5/5
  1533 | D:2      | Found a bloodstained altar of Trog.
  1546 | D:2      | HP: 1/28 [poisoned by an adder]
  1546 | D:2      | Slain by an adder

Vault maps used:
D:1:      giann_horns, hex_medium
D:2:      bloody_trog, tso_altar, okawaru_ov_weapons_minmay

Skill      XL: |  1 |
---------------+----+-----
Bows           | 3 |  3.2
Fighting       | |  1.4
Short Blades   | |  0.1
Dodging        | |  1.7
Spellcasting   | |  1.4
Hexes          | |  2.8

Action                   || total
-------------------------++-------
Melee: Dagger            ||    68
       Kick              ||     8
 Fire: Shortbow          ||    59
  Eat: Royal jelly       ||     1
Armor: Robe              ||    44
Dodge: Dodged            ||    75

Table legend:
 A = Spawn XP
 B = Non-spawn XP
 C = Spawn XP percentage of total XP
 D = Spawn monster count
 E = Non-spawn monster count
 F = Spawn count percentage of total count
 G = Total turns spent on level
                    A         B        C        D         E        F      G
               +---------+---------+-------+---------+---------+-------+---------
         Total |       0 |      46 |   0.0 |       0 |      25 |   0.0 |  1546
               +---------+---------+-------+---------+---------+-------+---------
           D:1 |       0 |      31 |   0.0 |       0 |      17 |   0.0 |   909
           D:2 |       0 |      15 |   0.0 |       0 |       8 |   0.0 |   637
               +---------+---------+-------+---------+---------+-------+---------
